 Dungeon Crawl Stone Soup version 0.30-a0-373-gd37427bb62 (webtiles) character file.

Game seed: 11908034511974404507

118 timneilson the Covered (level 5, -2/33 HPs)
             Began as a Gargoyle Fighter on Nov 24, 2022.
             Slain by an orc priest
             ... wielding a +0 mace
              (4 damage)
             ... on level 3 of the Dungeon.
             The game lasted 00:03:49 (1353 turns).

timneilson the Covered (Gargoyle Fighter)           Turns: 1353, Time: 00:03:50

Health: -2/33      AC: 14    Str: 21    XL:     5   Next: 2%
Magic:  5/5        EV:  7    Int:  9    God:
Gold:   148        SH:  4    Dex:  9    Spells: 4/4 levels left

rFire   . . .      SeeInvis .    a - +0 long sword
rCold   . . .      Faith    .    c - +0 buckler
rNeg    + . .      Spirit   .    k - +0 chain mail
rPois   ∞          Reflect  .    e - +1 hat
rElec   +          Harm     .    (no cloak)
rCorr   .          Rampage  .    (no gloves)
Will    +....                    (no boots)
Stlth   ..........               (no amulet)
HPRegen 0.25/turn                j - ring of willpower
MPRegen 0.09/turn                (no ring)

@: flying, studying Fighting
A: sickness immunity, AC +4, negative energy resistance 1, electricity
resistance, torment resistance 1, petrification resistance
a: no special abilities


You were on level 3 of the Dungeon.
You visited 1 branch of the dungeon, and saw 3 of its levels.

You collected 148 gold pieces.

Inventory:

Hand Weapons
 a - a +0 long sword (weapon)
Armour
 c - a +0 buckler (worn)
 e - a +1 hat (worn)
 k - a +0 chain mail (worn)
Jewellery
 j - a ring of willpower (left hand)
Scrolls
 b - a scroll of fear {unknown}
Potions
 d - a potion of might
 f - a potion of berserk rage
 g - 2 potions of brilliance


   Skills:
 + Level 4.0 Fighting
 * Level 2.5 Long Blades
 * Level 4.2 Armour
 + Level 0.9 Dodging
 * Level 4.2 Shields


You had 4 spell levels left.
You didn't know any spells.
Your spell library was empty.

Dungeon Overview and Level Annotations

Branches:
Dungeon (3/15)

Altars:
Elyvilon


Innate Abilities, Weirdness & Mutations

You are immune to sickness and miasma.
Your stone body is resilient. (AC +4)
You are immune to poison.
You resist negative energy. (rN+)
You are resistant to electric shocks. (rElec)
You are resistant to unholy torment.
You are immune to petrification.


Message History

The orc hits you from afar with a +0 trident.
The orc wizard hits you but does no damage.
The orc priest hits you but does no damage.
You barely miss the orc priest.
The orc hits you from afar with a +0 trident.
The orc wizard hits you but does no damage.
The orc priest hits you but does no damage.
You hit the orc priest but do no damage.
The orc hits you but does no damage. You block the orc wizard's attack.
The orc priest hits you but does no damage.
You barely miss the orc priest. The orc hits you but does no damage.
The orc wizard hits you but does no damage.
The orc priest barely misses you.
The orc priest hits you but does no damage.
The orc barely misses you.
The orc wizard mumbles some strange words.
The orc wizard flickers and vanishes!
Deactivating autopickup; reactivate with Ctrl-A.
You barely miss the orc priest. You block the orc's attack.
Something hits you but does no damage. The orc priest hits you with a +0 mace.
You hit the orc priest.
The orc priest is lightly wounded.
The orc hits you from afar with a +0 trident.
Something hits you but does no damage. The orc priest hits you with a +0 mace.
You hit the orc priest.
The orc priest is moderately wounded.
The orc completely misses you. Something hits you but does no damage.
The orc priest hits you with a +0 mace.
* * * LOW HITPOINT WARNING * * *
The orc hits you from afar with a +0 trident.
* * * LOW HITPOINT WARNING * * *
Something hits you.
* * * LOW HITPOINT WARNING * * *
The orc priest hits you with a +0 mace.
* * * LOW HITPOINT WARNING * * *
It was a potion of flight.
You feel very buoyant.
You fly up into the air.
The orc hits you but does no damage. Something hits you but does no damage.
The orc priest hits you with a +0 mace.
You die...

###†.#..##..
#....##.#
#....# .#
#....# .
##....# #
##.....#
#..#o###
#†##.#
#...##@#
#..###o{...#
#..
.o###>...
#.# ##.. ..
oo ### ...
.o..


You could see an orc priest and 2 orcs.

Vanquished Creatures
  Natasha (twice) (D:3)
  2 adders
  A worm (D:2)
  A dart slug (D:2)
  4 orcs (D:3)
  5 bats
  4 endoplasms
  A giant cockroach (D:3)
  6 goblins
  4 hobgoblins
  A quokka (D:2)
  3 ball pythons
  2 frilled lizards
  5 kobolds
  A rat (D:3)
42 creatures vanquished.

Notes
Turn   | Place    | Note
-------+----------+-------------------------------------------
     0 | D:1      | timneilson the Gargoyle Fighter began the quest for the
                  | Orb.
     0 | D:1      | Reached XP level 1. HP: 14/14 MP: 1/1
   166 | D:1      | Reached XP level 2. HP: 19/19 MP: 2/2
   649 | D:2      | Reached XP level 3. HP: 23/23 MP: 3/3
   839 | D:2      | Found a white marble altar of Elyvilon.
  1148 | D:2      | Identified a scroll of acquirement
  1148 | D:2      | Acquired a manual of Fighting
  1221 | D:3      | Reached XP level 4. HP: 25/28 MP: 4/4
  1256 | D:3      | Noticed Natasha
  1268 | D:3      | Killed Natasha
  1326 | D:3      | Noticed Natasha
  1332 | D:3      | Killed Natasha
  1333 | D:3      | Reached XP level 5. HP: 30/33 MP: 5/5
  1353 | D:3      | Slain by an orc priest

Illustrated notes

Levels and vault maps discovered:
D:1:      dpeg_arrival_castle, layout_rooms
D:2:      layout_loops_ring, basic_altar
D:3:      layout_rooms, uniq_crazy_yiuf_cottage, uniq_natasha, uniq_grinder

Skill      XL: |  1  2  3  4 |
---------------+-------------+-----
Long Blades    | 2 |  2.5
Shields        | 4 |  4.2
Armour         | 4 |  4.2
Fighting       | 4 |  4.0
Dodging        | |  0.9

Action                   |  1- 3 |  4- 6 || total
-------------------------+-------+-------++-------
Melee: Long sword        |   119 |    56 ||   175
  Use: Scroll            |     7 |       ||     7
       Potion            |       |     1 ||     1
Armor: Scale mail        |    25 |       ||    25
       Chain mail        |    60 |    38 ||    98
Dodge: Dodged            |    52 |    24 ||    76
Block: Buckler           |    41 |     9 ||    50

Table legend: (Time is in decaauts)
 A = Elapsed time spent in this place.
 B = Non-inter-level travel time spent in this place.
 C = Inter-level travel time spent in this place.
 D = Time resting spent in this place.
 E = Time spent auto-exploring this place.
 F = Levels seen in this place.
 G = Mean time per level.
                   A        B        C        D        E       F      G
               +--------+--------+--------+--------+--------+-----+--------+
         Total |   1417 |   1390 |     27 |     16 |    879 |   3 |  472.3 |
       Dungeon |   1417 |   1390 |     27 |     16 |    879 |   3 |  472.3 |
               +--------+--------+--------+--------+--------+-----+--------+

Top non-repeatable levels by time:
     D:2: 712 daAuts
     D:1: 492 daAuts
     D:3: 213 daAuts
